 Dungeon Crawl Stone Soup version 0.16-a0-148-g3b84123 (webtiles) character file.

2336 Qrupt the Carver (level 9, -7/96 HPs)
             Began as a High Elf Gladiator on Aug 16, 2014.
             Was an Initiate of Gozag.
             Mangled by Pikel
             ... wielding a +1 whip of electrocution
              (20 damage)
             ... on Level 7 of the Dungeon on Aug 17, 2014.
             The game lasted 00:22:49 (8474 turns).

Qrupt the Carver (High Elf Gladiator)               Turns: 8474, Time: 00:23:03

HP  -7/96        AC  9     Str 19      XL: 9   Next: 19%
MP  15/15        EV 18     Int 12      God: Gozag
Gold 432         SH  0     Dex 19 (20) Spells:  0 memorised,  8 levels left

rFire  . . .     SeeInvis .     a - +0 long sword
rCold  . . .     Clarity  .     b - +0 leather armour
rNeg   . . .     rCorr    .     (no shield)
rPois  .         rRot     .     c - +0 helmet (curse)
rElec  .         Spirit   .     (no cloak)
SustAb .         Warding  .     (no gloves)
rMut   .         Stasis   .     (no boots)
Gourm  .                        (no amulet)
MR     .....                    (no ring)
                                e - +5 ring of protection

@: berserking, slowed, not resistant to hostile enchantments, extremely
unstealthy
A: no striking features
a: Potion Petition, Call Merchant, Bribe Branch, Renounce Religion


You were on level 7 of the Dungeon.
You worshipped Gozag.
Gozag was noncommittal.
You were not hungry.

You visited 1 branch of the dungeon, and saw 7 of its levels.

You collected 651 gold pieces.
You paid 219 gold pieces to Gozag.

Inventory:

Hand weapons
 a - a +0 long sword (weapon)
Armour
 b - a +0 leather armour (worn)
 c - a cursed +0 helmet (worn)
Magical devices
 w - a wand of fire (0)
 F - a wand of lightning (0)
Comestibles
 f - 6 bread rations
 g - 4 meat rations
 H - 3 fruits
Scrolls
 h - 3 scrolls of teleportation
 l - a scroll of fog {unknown}
 n - 2 scrolls of blinking {unknown}
 p - a scroll of enchant armour {unknown}
 q - 4 scrolls of remove curse {unknown}
 u - 2 scrolls of random uselessness {unknown}
 z - 2 scrolls of identify {unknown}
 C - a scroll of noise {unknown}
 D - a scroll of immolation {unknown}
 E - a scroll of brand weapon {unknown}
 J - a scroll of recharging {unknown}
Jewellery
 d - a +4 ring of evasion {unknown}
 e - a +5 ring of protection (left hand)
 r - an uncursed amulet of stasis
 s - an uncursed ring of protection from magic {unknown}
 t - an uncursed ring of fire
Potions
 i - a potion of brilliance {unknown}
 j - a potion of curing
 k - a potion of might
 m - a potion of restore abilities {unknown}
 o - 2 potions of magic
 v - a potion of agility
 x - a potion of confusion {unknown}
 B - a potion of berserk rage
 G - a potion of resistance {unknown}
 I - a potion of degeneration {unknown}
Books
 y - a book of Air

   Spells                             Type                      Level
   Shock                              Conjuration/Air              1
   Swiftness                          Charms/Air                   2
   Repel Missiles                     Charms/Air                   2
   Flight                             Charms/Air                   3
   Static Discharge                   Conjuration/Air              3
   Lightning Bolt                     Conjuration/Air              5
 A - a book of Debilitation

   Spells                             Type                      Level
   Corona                             Hexes                        1
   Slow                               Hexes                        2
   Inner Flame                        Hexes/Fire                   3
   Enslavement                        Hexes                        4
   Cause Fear                         Hexes                        4
   Leda's Liquefaction                Hexes/Earth                  4


   Skills:
 + Level 7.4 Fighting
 + Level 9.0 Long Blades
 - Level 2.1 Throwing
 + Level 8.7 Dodging


You had 8 spell levels left.
You didn't know any spells.

Dungeon Overview and Level Annotations

Branches:
Dungeon (7/15)             Temple (0/1) D:7

Altars:
Dithmenos
Elyvilon
Gozag
Qazlal
Sif Muna
Xom
Zin

Shops:
D:4 (

Annotations:
D:5 Zurvan's ghost, experienced MiFi
D:7 Pikel


Message History

You resist with almost no effort. The gnoll hits you but does no damage.
You barely miss Pikel.
Pikel is moderately wounded.
Pikel hits you with a whip of electrocution!
The gnoll closely misses you.
You barely miss Pikel.
Pikel is moderately wounded.
Pikel hits you but does no damage.
You are electrocuted!
* * * LOW HITPOINT WARNING * * *
The gnoll closely misses you.
Drink which item? (? for menu, Esc to quit)
A red film seems to cover your vision as you go berserk!
You feel yourself moving faster!
You feel mighty!
It was a potion of berserk rage.
Pikel closely misses you. The gnoll completely misses you.
Pikel hits you with a whip of electrocution.
* * * LOW HITPOINT WARNING * * *
You are electrocuted!
You die...
Your body crumbles into a pile of gold.

#.##.#..##.#..⌠.⌠...###
#.##.....#.#.8.>.8..#
#.####...#....⌠.⌠..##
#.####...#...8.8.8.#
#.......)..........# ####
########.##.##....##
...#### #...g...##(.....#
......# #.##K##.##......#
##.##.# #.##.@(........)
##.##.######.#####.##.##.##
##...........#####.......#
...##.#####........##.#####
...##.##........####.$....#
......##.#..#.#.# #...##.#
########.#..#.#.#
#........# $
######.#....#.# #........#
###...........#.#
#.K.....#.


You could see Pikel and a gnoll.

Vanquished Creatures
  The ghost of Qrupt the Poker, an average HuWn (D:4)
  Menkaure (D:4)
  The ghost of dadoka the Ruinous, an average OpCj (D:3)
  3 slaves
  An orc warrior (D:6)
  2 centaurs (D:7)
  2 phantoms (D:6)
  3 ogres
  A necrophage (D:6)
  2 jellies (D:5)
  A scorpion (D:5)
  3 crimson imps
  A gnoll shaman (D:7)
  2 orc priests
  2 quasits
  2 hounds
  2 iguanas
  4 orc wizards
  9 worker ants
  4 gnolls (D:7)
  A shadow imp (D:5)
  10 adders
  An inept feature mimic (D:6)
  3 worms
  23 orcs
  4 ball pythons
  7 giant cockroaches
  A gnoll zombie (D:6)
  17 goblins
  19 hobgoblins
  14 jackals
  9 kobolds
  2 quokkas
  12 bats
  7 giant geckos
  A giant gecko skeleton (D:4)
  6 giant newts
  A goblin skeleton (D:4)
  A kobold skeleton (D:5)
  18 rats
  2 rat skeletons (D:4)
  A rat zombie (D:5)
207 creatures vanquished.

Notes
Turn   | Place    | Note
--------------------------------------------------------------
     0 | D:1      | Qrupt, the High Elf Gladiator, began the quest for the Orb.
     0 | D:1      | Reached XP level 1. HP: 14/14 MP: 2/2
   159 | D:1      | Reached XP level 2. HP: 14/19 MP: 3/3
   760 | D:1      | Reached XP level 3. HP: 21/25 MP: 5/5
   966 | D:2      | Reached skill level 4 in Long Blades
  1566 | D:2      | Found a glowing silver altar of Zin.
  1714 | D:2      | Reached XP level 4. HP: 11/31 MP: 7/7
  2621 | D:3      | Reached XP level 5. HP: 34/36 MP: 8/8
  2692 | D:3      | Noticed dadoka's ghost (average OpCj)
  2696 | D:3      | Noticed an ogre
  2906 | D:3      | Killed dadoka's ghost
  2906 | D:3      | Reached skill level 5 in Long Blades
  2906 | D:3      | Reached skill level 5 in Dodging
  2906 | D:3      | Reached XP level 6. HP: 40/43 MP: 10/10
  3098 | D:3      | Killed an ogre
  3326 | D:3      | Found a deep blue altar of Sif Muna.
  3497 | D:4      | Noticed Qrupt's ghost (average HuWn)
  3719 | D:4      | Noticed Menkaure
  3722 | D:4      | Killed Menkaure
  3722 | D:4      | Reached skill level 5 in Fighting
  3722 | D:4      | Reached skill level 6 in Long Blades
  3722 | D:4      | Reached XP level 7. HP: 48/50 MP: 12/12
  3738 | D:4      | Killed Qrupt's ghost
  4160 | D:4      | Found an opulent altar of Gozag.
  4164 | D:4      | Became a worshipper of Gozag Ym Sagoz the Greedy
  4170 | D:4      | Reached skill level 7 in Long Blades
  4220 | D:4      | Found Docy's Antique Weapon Shop.
  4289 | D:5      | Entered Level 5 of the Dungeon
  4581 | D:5      | HP: 1/51 [ogre/giant club (14)]
  4583 | D:5      | Reached XP level 8. HP: 1/57 MP: 13/13
  4775 | D:5      | Found a shadowy altar of Dithmenos.
  4957 | D:5      | Noticed Zurvan's ghost (experienced MiFi)
  5721 | D:6      | Found a stormy altar of Qazlal.
  6721 | D:6      | Reached skill level 8 in Long Blades
  6801 | D:6      | Found a white marble altar of Elyvilon.
  7463 | D:6      | Found a shimmering altar of Xom.
  7485 | D:7      | Reached XP level 9. HP: 23/64 MP: 15/15
  7622 | D:7      | Found a staircase to the Ecumenical Temple.
  8020 | D:7      | Reached skill level 9 in Long Blades
  8250 | D:7      | Noticed Pikel
  8474 | D:7      | Mangled by Pikel

Action                   |  1- 3 |  4- 6 |  7- 9 || total
-------------------------+-------+-------+-------++-------
Melee: Long sword        |   151 |   225 |   522 ||   898
Throw: Throwing net      |       |     3 |     1 ||     4
Invok: Potion Petition   |       |       |     1 ||     1
Evoke: Wand              |       |     4 |     7 ||    11
  Use: Scroll            |       |     1 |     1 ||     2
       Potion            |       |       |     8 ||     8
 Stab: Sleeping          |     2 |       |       ||     2
       Held in net/web   |       |     2 |       ||     2
       Distracted        |       |       |     1 ||     1
  Eat: Chunk             |     3 |     6 |     1 ||    10
       Beef jerky        |       |       |     1 ||     1
       Meat ration       |       |       |     2 ||     2
       Fruit             |       |       |     1 ||     1
